 Dungeon Crawl Stone Soup version 0.16.0-8-gd9ae3a8 (webtiles) character file.

563 Medar the Covert (level 7, -1/49 HPs)
             Began as a Vampire Assassin on Mar 16, 2015.
             Slain by a wyvern (16 damage)
             ... on level 5 of the Dungeon.
             The game lasted 00:12:39 (3710 turns).

Medar the Covert (Vampire Assassin)                 Turns: 3710, Time: 00:12:39

Health: -1/49      AC:  3    Str: 10    XL:     7   Next: 10%
Magic:  4/7        EV: 17    Int: 24    God:
Gold:   269        SH:  0    Dex: 22    Spells: 1 memorised, 2 levels left

rFire  . . .     SeeInvis +     a - +2 dagger
rCold  . . .     Clarity  .     c - +0 robe
rNeg   + + .     SustAb   .     (no shield)
rPois  .         Gourm    .     (no helmet)
rElec  +         Spirit   .     d - +0 cloak
rCorr  .         Warding  +     (no gloves)
rMut   .         Stasis   .     (no boots)
MR     .....                    l - amulet of warding
Stlth  +++++++...               (no ring)
                                A - ring "Diegaufae" {Wiz Int+6}

@: brilliant, agile, very slightly contaminated, not resistant to hostile
enchantments, extremely stealthy
A: bottle blood, fangs 3, see invisible, mutation resistance 1, electricity
resistance, unbreathing
a: Bat Form


You were on level 5 of the Dungeon.
You were not thirsty.

You visited 1 branch of the dungeon, and saw 5 of its levels.

You collected 269 gold pieces.

Inventory:

Hand weapons
 a - a +2 dagger (weapon)
 b - a +0 blowgun
 o - a cursed -3 dagger
Missiles
 e - 26 poisoned needles
 f - a curare-tipped needle
 m - 4 javelins
 n - 17 tomahawks (quivered)
Armour
 c - a +0 robe (worn)
 d - a +0 cloak (worn)
Jewellery
 l - an amulet of warding (around neck)
 y - an uncursed amulet of rage
 A - the ring "Diegaufae" (left hand) {Wiz Int+6}
   (You found it on level 4 of the Dungeon)

   [ring of wizardry]

   It improves your spell success rate.
   It affects your intelligence (+6).
 E - an uncursed ring of ice
Magical devices
 F - a wand of random effects (2)
 G - a wand of disintegration (21)
Scrolls
 j - a scroll of recharging
 p - a scroll of amnesia
 s - a scroll of magic mapping {unknown}
 x - a scroll of enchant weapon {unknown}
 D - a scroll of fog
Potions
 g - 15 potions of blood
 h - 2 potions of mutation {!q}
 i - a potion of heal wounds
 k - 2 potions of curing {@q1}
 q - a potion of lignification {unknown}
 r - 2 potions of flight
 t - a potion of brilliance
 u - a potion of might {unknown}
 z - a potion of cancellation {unknown}
 B - a potion of agility
Books
 v - an Akashic Record {highlevel, unknown}

   This book is beyond your current level of understanding.

   Spells                             Type                      Level
   a - Dispersal                      Translocation                6
   b - Controlled Blink               Translocation                7
   c - Malign Gateway                 Summoning/Translocation      7
   d - Disjunction                    Translocation                8
   e - Singularity                    Translocation                9
 w - a book of Alchemy

   Spells                             Type                      Level
   a - Sublimation of Blood           Necromancy                   2
   b - Alistair's Intoxication        Transmutation/Poison         4
   c - Condensation Shield            Ice                          4
   d - Petrify                        Transmutation/Earth          4
   e - Ignite Poison                  Fire/Transmutation           5
   f - Irradiate                      Conjuration/Transmutation    5
 H - a book of Control

   Spells                             Type                      Level
   a - Control Teleport               Charms/Translocation         4
   b - Control Undead                 Necromancy                   4
   c - Enslavement                    Hexes                        4
   d - Metabolic Englaciation         Hexes/Ice                    5
   e - Mass Confusion                 Hexes                        6


   Skills:
 - Level 1.7 Fighting
 + Level 6.0 Short Blades
 - Level 1.5 Throwing
 - Level 1.1 Dodging
 + Level 10.3 Stealth


You had 2 spell levels left.
You knew the following spells:

 Your Spells              Type           Power        Failure   Level  Hunger
s - Enslavement           Hex            ##......     30%         4    #####..


Dungeon Overview and Level Annotations

Branches:
Dungeon (5/15)
 Temple: D:4-7

Altars:
Ashenzari
Makhleb
Nemelex Xobeh
Okawaru
Qazlal

Annotations:
D:5 exclusion: wyvern


Innate Abilities, Weirdness & Mutations

You can bottle blood from corpses.
You have razor-sharp teeth.
You have supernaturally acute eyesight.
You can survive without breathing.
You are somewhat resistant to further mutation.
You are resistant to electric shocks.


Message History

The wyvern is moderately wounded.
The wyvern completely misses you. The giant gecko bites you.
The wyvern barely misses you.
You hit the wyvern but do no damage.
The wyvern is moderately wounded.
The giant gecko hisses menacingly.
The giant gecko barely misses you. The wyvern closely misses you.
You hit the wyvern.
The wyvern is moderately wounded.
The wyvern barely misses you. The giant gecko bites you.
You hit the wyvern.
The wyvern is severely wounded.
The wyvern bites you. The giant gecko completely misses you.
You hit the wyvern but do no damage.
The wyvern is severely wounded.
The wyvern barely misses you.
You barely miss the wyvern. Your bite misses the wyvern.
The wyvern is severely wounded.
The giant gecko closely misses you. The wyvern bites you!
You die...

#.# #.# #.# #.# #.# #.# #.#
##.## #.# #.# ##...## #.#
#.#########.....### #.#
#.......(.......$.# #.#
#########.......#.#######.#
#.#....lD.........#
#.##...@#.#########
#.###.#.#.# #.........#
#.......### #####.### #.#
#.################
#.##.............# ######
##.##.####.####.#.#


You could see a wyvern and a giant gecko.

Vanquished Creatures
  2 ogres
  A giant frog (D:3)
  A crimson imp (D:5)
  An orc priest (D:4)
  2 orc wizards (D:4)
  2 worker ants (D:4)
  Ijyb (D:3)
  3 adders
  2 worms
  3 giant geckos
  20 orcs
  A ball python (D:3)
  5 giant cockroaches
  8 goblins
  7 hobgoblins
  2 jackals (D:5)
  A quokka (D:3)
  7 bats
  2 giant newts
  7 kobolds
  15 rats
93 creatures vanquished.

Notes
Turn   | Place    | Note
--------------------------------------------------------------
     0 | D:1      | Medar, the Vampire Assassin, began the quest for the Orb.
     0 | D:1      | Reached XP level 1. HP: 16/16 MP: 1/1
    24 | D:1      | Reached skill level 6 in Stealth
   145 | D:1      | Reached XP level 2. HP: 22/22 MP: 2/2
   494 | D:1      | Reached XP level 3. HP: 25/27 MP: 3/3
   585 | D:2      | Reached skill level 7 in Stealth
   588 | D:2      | Gained mutation: You are resistant to electric shocks. [potion of mutation]
   588 | D:2      | Gained mutation: You are somewhat resistant to further mutation. [potion of mutation]
  1047 | D:3      | Found a stormy altar of Qazlal.
  1047 | D:3      | Noticed a water elemental
  1049 | D:3      | Noticed a fire elemental
  1049 | D:3      | Noticed an earth elemental
  1049 | D:3      | Noticed an air elemental
  1107 | D:3      | Found an iron altar of Okawaru.
  1108 | D:3      | Noticed a giant frog
  1118 | D:3      | Killed a giant frog
  1118 | D:3      | Reached skill level 8 in Stealth
  1118 | D:3      | Reached XP level 4. HP: 14/33 MP: 4/4
  1407 | D:3      | Reached XP level 5. HP: 35/38 MP: 5/5
  1755 | D:3      | Noticed Ijyb
  1778 | D:3      | Killed Ijyb
  1819 | D:4      | Noticed an ogre
  2151 | D:3      | Killed an ogre
  2151 | D:3      | Reached skill level 5 in Short Blades
  2151 | D:3      | Reached skill level 9 in Stealth
  2151 | D:3      | Reached XP level 6. HP: 37/44 MP: 6/6
  2537 | D:4      | Found a shattered altar of Ashenzari.
  2538 | D:4      | Found a burning altar of Makhleb.
  2613 | D:4      | Got a scintillating copper ring
  2614 | D:4      | Identified the ring "Diegaufae" {Wiz Int+6} (You found it on level 4 of the Dungeon)
  2714 | D:5      | Entered Level 5 of the Dungeon
  2743 | D:5      | Noticed a wyvern
  2902 | D:5      | Reached skill level 10 in Stealth
  2902 | D:5      | Reached XP level 7. HP: 49/49 MP: 7/7
  3091 | D:5      | Learned a level 4 spell: Enslavement
  3435 | D:5      | Found a sparkling altar of Nemelex Xobeh.
  3710 | D:5      | Slain by a wyvern

Action                   |  1- 3 |  4- 6 |  7- 9 || total
-------------------------+-------+-------+-------++-------
Melee: Dagger            |    96 |   100 |    35 ||   231
 Fire: Blowgun           |       |    12 |       ||    12
Evoke: Wand              |       |       |     2 ||     2
  Use: Scroll            |     3 |     3 |     4 ||    10
       Potion            |     1 |     7 |     4 ||    12
 Stab: Sleeping          |     4 |    16 |     1 ||    21
       Distracted        |     2 |       |     1 ||     3
